 Dungeon Crawl Stone Soup version 0.18.1-50-g88ac8fd (webtiles) character file.

35009 st0uf the Warrior (level 13, -2/127 HPs)
             Began as a Pale Draconian Berserker on Sept 29, 2016.
             Was a High Priest of Trog.
             Shot with an arrow by a centaur (5 damage)
             ... on level 14 of the Dungeon.
             The game lasted 01:25:04 (16191 turns).

st0uf the Warrior (Pale Draconian Berserker)       Turns: 16191, Time: 01:25:04

Health: -2/127     AC: 15    Str: 20    XL:     13   Next: 45%
Magic:  0/13       EV: 18    Int:  8    God:    Trog [*****.]
Gold:   783        SH:  0    Dex: 15    Spells: 0 memorised, 12 levels left

rFire  . . .     SeeInvis +     R - +4 long sword (holy)
rCold  . . .     Gourm    .     (armour unavailable)
rNeg   + . .     Faith    .     (no shield)
rPois  .         Spirit   +     K - +2 hat of the Bear Spirit {Spirit, +Rage rN+ MR++}
rElec  .         Dismiss  .     Y - +0 cloak
rCorr  +         Reflect  .     Q - +0 pair of gloves
SustAt .         Harm     .     c - +2 pair of boots
MR     ++...                    (no amulet)
Stlth  +.........               W - ring of see invisible
                                y - ring of resist corrosion

@: about to teleport, very resistant to hostile enchantments, very unstealthy
A: breathe steam, unfitting armour, cold-blooded, AC +8
a: Breathe Steam, Berserk, Trog's Hand, Brothers in Arms, Burn Spellbooks,
Renounce Religion, Evoke Berserk Rage


You were on level 14 of the Dungeon.
You worshipped Trog.
Trog was extremely pleased with you.
You were very hungry.

You visited 2 branches of the dungeon, and saw 17 of its levels.
You also visited: Sewer.

You collected 942 gold pieces.
You spent 159 gold pieces at shops.

Inventory:

Hand Weapons
 a - a +0 falchion
 D - a +0 double sword
 J - a cursed +1 great sword
 R - a +4 long sword of holy wrath (weapon)
Missiles
 n - a throwing net (quivered)
Armour
 c - a +2 pair of boots (worn)
 K - the +2 hat of the Bear Spirit (worn) {Spirit, +Rage rN+ MR++}
   (You found it on level 8 of the Dungeon)

   It protects you from negative energy.
   It affects your resistance to hostile enchantments.
   It lets you go berserk.
 Q - a +0 pair of gloves (worn)
 Y - a +0 cloak (worn)
Jewellery
 y - a ring of resist corrosion (left hand)
 C - an uncursed ring of stealth
 S - an uncursed ring of stealth
 W - a ring of see invisible (right hand)
Wands
 e - a wand of lightning (7/15)
 i - a wand of lightning (4/15)
 p - a wand of lightning (5/15)
 A - a wand of random effects (27/48)
 L - a wand of acid (7/15)
 N - a wand of teleportation (7/9)
 O - a wand of iceblast (6/15)
 U - a wand of disintegration (12/24)
Scrolls
 d - 6 scrolls of remove curse
 j - 7 scrolls of magic mapping
 k - 2 scrolls of recharging {unknown}
 l - 6 scrolls of fog
 o - 3 scrolls of blinking {unknown}
 q - a scroll of random uselessness {unknown}
 s - 4 scrolls of enchant armour
 v - 2 scrolls of teleportation
 E - a scroll of acquirement {unknown}
 F - 3 scrolls of enchant weapon {unknown}
 T - 2 scrolls of fear {unknown}
Potions
 f - 2 potions of might
 h - 6 potions of curing
 r - 4 potions of heal wounds
 t - 2 potions of brilliance
 u - 3 potions of agility
 z - 3 potions of lignification
 B - a potion of magic
 G - 3 potions of cancellation
 H - 3 potions of resistance
 V - 2 potions of flight
 X - a potion of haste
 Z - a potion of invisibility {unknown}
Books
 M - a book of the Sky

   Spells                             Type                      Level
   a - Summon Lightning Spire         Summoning/Air                4
   b - Airstrike                      Air                          4
   c - Silence                        Hexes/Air                    5
   d - Deflect Missiles               Charms/Air                   6
   e - Conjure Ball Lightning         Conjuration/Air              6
   f - Tornado                        Air                          9
   Trog disapproves of the use of such an item.
 P - a book of Dreams

   Spells                             Type                      Level
   a - Ensorcelled Hibernation        Hexes/Ice                    2
   b - Silence                        Hexes/Air                    5
   c - Darkness                       Hexes                        6
   d - Shadow Creatures               Summoning                    6
   Trog disapproves of the use of such an item.
Comestibles
 b - 7 bread rations
 m - 11 meat rations
 w - 8 royal jellies
 I - a slice of pizza


   Skills:
 * Level 15.6 Fighting
 * Level 14.5 Long Blades
 + Level 10.1 Dodging


You had 12 spell levels left.
You didn't know any spells.

Dungeon Overview and Level Annotations

Branches:
Dungeon (15/15)            Temple (0/1) D:4            Lair (0/8) D:11
    Orc (2/2) D:12            Elf (0/3) Orc:2        Vaults (0/5) D:14
 Depths (0/5) D:15

Altars:
Ashenzari
Cheibriados
Elyvilon
Gozag
Kikubaaqudgha
Nemelex Xobeh
Okawaru
Pakellas
Trog
Xom
Yredelemnul
The Shining One

Shops:
D:6 (   D:8 %!   D:9 %   D:10 *

Portals:
Trove: D:14 (give 10 potions of heal wounds)

Annotations:
Orc:2 Capuchin's ghost, journeyman MiFi


Innate Abilities, Weirdness & Mutations

You can breathe blasts of scalding, opaque steam.
Your pale cyan-grey scales are hard (AC +8).
Your body does not fit into most forms of armour.
You are cold-blooded and may be slowed by cold attacks.


Message History

The centaur hits you.
* * * LOW HITPOINT WARNING * * *
The brown ugly thing closely misses you.
You climb upwards.
There is a stone staircase leading down here.
Unknown command.
Read which item? (? for menu, Esc to quit)
As you read the scroll of teleportation, it crumbles to dust.
You feel strangely unstable. The centaur closely misses you.
The brown ugly thing tentacle-slaps you but does no damage.
The centaur hits you.
* * * LOW HITPOINT WARNING * * *
The brown ugly thing tentacle-slaps you.
* * * LOW HITPOINT WARNING * * *
You are splashed with acid!
The acid burns!
You resist.
* * * LOW HITPOINT WARNING * * *
Unknown command.
The centaur wields an uncursed shortbow.
The centaur shoots an arrow.
The arrow hits you.
You die...

#################################
.................................
#..#.......##....................
#..#...................#.......#.
#..#............###....#.........
#.................u..............
................@.c..............
##......#############+####......#
.#......#................#...##.#
.#..##..#................#...##.#
.#..##..#................#...##.'
.#......#................#...##.#
.#......#................#...##.#
.#......#.....†..........#...##.#
.'......#....§##'###'#####...##.#


You could see a brown ugly thing and a centaur.

Vanquished Creatures
  A vault guard (D:14)
  An ogre mage (D:15)
  3 hydras
  A vampire mage (D:15)
  4 centaur warriors
  A tengu warrior (D:15)
  Nergalle (D:11)
  2 skeletal warriors (D:15)
  3 unseen horrors
  Pikel (D:7)
  A necromancer (D:15)
  4 hill giants
  A tengu skeleton (D:15)
  7 ugly things
  A cyclops (D:14)
  3 manticores
  An octopode (shapeshifter) (D:14)
  6 centaur skeletons
  A gargoyle (D:11)
  The ghost of spiff the Carver, a novice HaWr (D:5)
  A freezing wraith (D:13)
  A komodo dragon (D:13)
  A queen bee (D:11)
  4 trolls
  2 spriggan zombies (D:15)
  An ice dragon zombie (D:15)
  A vampire (D:13)
  10 yaks
  3 wraiths
  2 wyverns
  A hungry ghost (D:10)
  2 basilisks
  6 vampire mosquitoes
  2 steam dragons (D:11)
  A hippogriff (D:14)
  A mottled dragon (shapeshifter) (D:14)
  A mottled dragon (D:10)
  Duvessa (D:6)
  A water moccasin (D:12)
  4 orc warriors
  A sky beast (D:7)
  A wasp (D:11)
  2 eyes of draining
  An ice beast (D:7)
  4 slaves (D:7)
  8 ogres
  A necrophage (D:8)
  13 centaurs
  6 big kobolds
  9 giant frogs
  2 gnoll sergeants (D:6)
  Dowan (D:6)
  4 scorpions
  24 killer bees
  7 wights
  2 crimson imps
  2 howler monkeys
  3 giant frog zombies
  3 centaur zombies
  14 hounds
  4 jellies
  10 orc wizards
  2 gnoll shamans
  4 orc priests
  4 giant frog skeletons
  2 iguanas
  10 worker ants
  A hound skeleton (D:9)
  A worker ant zombie (D:9)
  16 adders
  12 gnolls
  4 river rats
  3 shadow imps
  A white imp (D:9)
  4 oozes
  An adder zombie (D:8)
  2 adder skeletons (D:4)
  9 worms
  3 dart slugs
  6 giant geckos
  40 orcs
  9 bats
  8 giant cockroaches
  7 goblins
  16 hobgoblins
  9 jackals
  2 quokkas
  8 ball pythons
  A giant gecko skeleton (D:8)
  A giant gecko zombie (D:5)
  2 giant newts
  2 goblin zombies (D:9)
  5 hobgoblin zombies (D:9)
  24 kobolds
  3 kobold zombies (D:9)
  An orc skeleton (D:9)
  An orc zombie (D:9)
  A quokka skeleton (D:4)
  A quokka zombie (D:8)
  13 rats
451 creatures vanquished.

Vanquished Creatures (others)
  A kobold (D:12)
1 creature vanquished.

Grand Total: 452 creatures vanquished

Notes
Turn   | Place    | Note
--------------------------------------------------------------
     0 | D:1      | st0uf the Draconian Berserker began the quest for the Orb.
     0 | D:1      | Reached XP level 1. HP: 19/19 MP: 1/1
     6 | D:1      | Noticed a swamp drake
     6 | D:1      | Noticed a polar bear
   164 | D:1      | Reached XP level 2. HP: 23/26 MP: 2/2
   772 | D:2      | Reached XP level 3. HP: 27/33 MP: 3/3
   806 | D:2      | Found a basalt altar of Yredelemnul.
   807 | D:2      | Found an ancient bone altar of Kikubaaqudgha.
   808 | D:2      | Found a sparkling altar of Nemelex Xobeh.
   808 | D:2      | Found a shimmering altar of Xom.
   879 | D:2      | Reached ** piety under Trog
   879 | D:2      | Reached skill level 4 in Fighting
  1133 | D:2      | Reached XP level 4. HP: 40/40 MP: 4/4
  1744 | D:3      | Reached *** piety under Trog
  1827 | D:3      | Reached XP level 5. HP: 42/47 MP: 5/5
  1989 | D:3      | Found a glowing drain.
  2003 | Sewer    | Entered a sewer
  2196 | Sewer    | Reached skill level 5 in Fighting
  2253 | Sewer    | Reached skill level 5 in Long Blades
  2253 | Sewer    | Reached XP level 6. HP: 18/56 MP: 6/6
  2996 | Sewer    | Reached **** piety under Trog
  3017 | Sewer    | Your scales start taking on a pale cyan-grey colour.
  3017 | Sewer    | Reached XP level 7. HP: 59/62 MP: 7/7
  3097 | Sewer    | Reached skill level 6 in Fighting
  3812 | D:4      | Found a staircase to the Ecumenical Temple.
  4091 | D:5      | Entered Level 5 of the Dungeon
  4128 | D:5      | Reached skill level 7 in Fighting
  4379 | D:5      | Found a bloodstained altar of Trog.
  4493 | D:5      | Reached XP level 8. HP: 73/73 MP: 8/8
  4564 | D:5      | Found a snail-covered altar of Cheibriados.
  4725 | D:5      | Noticed spiff's ghost (novice HaWr)
  4762 | D:5      | Killed spiff's ghost
  4762 | D:5      | Reached skill level 5 in Dodging
  4927 | D:6      | Found Poodyng's Weapon Emporium.
  5156 | D:6      | Reached skill level 8 in Fighting
  5189 | D:6      | Found an oddly glowing altar of Pakellas.
  5236 | D:6      | Noticed Duvessa
  5236 | D:6      | Noticed Dowan
  5258 | D:6      | Killed Duvessa
  5265 | D:6      | Killed Dowan
  5322 | D:6      | Found an opulent altar of Gozag.
  5325 | D:6      | Found an iron altar of Okawaru.
  5331 | D:6      | Found a white marble altar of Elyvilon.
  5401 | D:6      | Reached ***** piety under Trog
  5643 | D:6      | Received a gift from Trog
  5679 | D:6      | Reached XP level 9. HP: 69/82 MP: 9/9
  5804 | D:6      | Reached skill level 9 in Fighting
  6223 | D:7      | Noticed Pikel
  6679 | D:7      | Killed Pikel
  6803 | D:7      | Found a shattered altar of Ashenzari.
  6864 | D:7      | Reached skill level 10 in Fighting
  7001 | D:7      | Received a gift from Trog
  7476 | D:8      | Found Defud's Distillery.
  7592 | D:8      | Found Raufajy's Weapon Shoppe.
  7699 | D:8      | Reached XP level 10. HP: 91/94 MP: 10/10
  8017 | D:8      | Found Oczicier's Food Emporium.
  8413 | D:9      | Found Kugesidgh's Food Boutique.
  8488 | D:9      | Found a glowing golden altar of the Shining One.
  8619 | D:10     | Entered Level 10 of the Dungeon
  8789 | D:10     | Reached skill level 10 in Long Blades
  8830 | D:10     | Reached skill level 11 in Fighting
  9078 | D:10     | Found Pimoetut's Assorted Antiques.
  9084 | D:10     | Bought a viscous yellow potion for 18 gold pieces
  9084 | D:10     | Bought a coppery potion for 18 gold pieces
  9084 | D:10     | Bought a glowing moonstone ring for 105 gold pieces
  9084 | D:10     | Bought a bubbling emerald potion for 18 gold pieces
  9873 | D:11     | Found a staircase to the Lair.
 10308 | D:11     | Reached skill level 12 in Fighting
 10389 | D:11     | Reached XP level 11. HP: 104/104 MP: 11/11
 10429 | D:11     | Noticed Nergalle
 10460 | D:11     | Killed Nergalle
 10587 | D:11     | Noticed a brown ugly thing
 10607 | D:11     | Received a gift from Trog
 10632 | D:11     | Killed a brown ugly thing
 11019 | D:12     | Noticed a white ugly thing
 11031 | D:12     | Killed a white ugly thing
 11432 | D:12     | Found a staircase to the Orcish Mines.
 11436 | D:12     | Noticed a hill giant
 11452 | D:12     | Killed a hill giant
 11701 | Orc:1    | Entered Level 1 of the Orcish Mines
 11738 | Orc:2    | Entered Level 2 of the Orcish Mines
 11760 | Orc:2    | Found a staircase to the Elven Halls.
 11806 | Orc:2    | Noticed Capuchin's ghost (journeyman MiFi)
 12144 | D:13     | Noticed a centaur warrior
 12155 | D:13     | Killed a centaur warrior
 12538 | D:11     | Reached skill level 13 in Fighting
 12643 | D:11     | Noticed an unseen horror
 12648 | D:11     | Killed an unseen horror
 12718 | D:12     | Received a gift from Trog
 13259 | D:13     | Reached XP level 12. HP: 94/115 MP: 12/12
 13608 | D:13     | Noticed a centaur warrior
 13621 | D:13     | Killed a centaur warrior
 14090 | D:14     | Reached skill level 14 in Fighting
 14168 | D:14     | Noticed a seven-headed hydra
 14243 | D:14     | Killed a seven-headed hydra
 14268 | D:14     | Noticed a centaur warrior
 14278 | D:14     | Killed a centaur warrior
 14442 | D:14     | Found a portal to a secret trove of treasure.
 14492 | D:14     | Noticed a centaur warrior
 14495 | D:14     | Noticed a six-headed hydra
 14498 | D:14     | Noticed a vault guard
 14516 | D:14     | Killed a centaur warrior
 14520 | D:14     | Killed a six-headed hydra
 14540 | D:14     | Killed a vault guard
 14910 | D:14     | Found a gate to the Vaults.
 15131 | D:15     | Entered Level 15 of the Dungeon
 15144 | D:15     | Noticed a tengu warrior
 15162 | D:15     | Killed a tengu warrior
 15183 | D:15     | Reached XP level 13. HP: 100/125 MP: 11/13
 15485 | D:15     | Reached skill level 15 in Fighting
 15998 | D:15     | Reached skill level 10 in Dodging
 16044 | D:15     | Found a staircase to the Depths.
 16190 | D:14     | HP: 6/127 [brown ugly thing (2)]
 16191 | D:14     | Shot with an arrow by a centaur

Skill      XL: |  1  2  3  4  5  6  7  8  9 10 11 12 13 |
---------------+----------------------------------------+-----
Dodging        | 3 4 5 6 7 8 9 10 | 10.1
Fighting       | 4 5 7 8 10 12 13 14 15 | 15.6
Long Blades    | 4 5 6 7 9 11 12 13 14 | 14.5

Action                   |  1- 3 |  4- 6 |  7- 9 | 10-12 | 13-15 || total
-------------------------+-------+-------+-------+-------+-------++-------
Melee: Falchion          |   109 |   289 |   237 |   147 |       ||   782
       Tailslap          |    11 |    30 |    27 |    84 |    27 ||   179
       Double sword      |       |       |       |   146 |       ||   146
       Long sword        |       |       |       |   219 |   141 ||   360
Invok: Berserk           |     1 |     1 |       |     5 |     1 ||     8
       Trog's Hand       |       |       |       |     1 |       ||     1
 Abil: Breathe Steam     |       |       |   110 |   129 |    16 ||   255
  Use: Scroll            |       |       |       |    20 |     1 ||    21
 Stab: Sleeping          |     1 |     1 |       |     4 |       ||     6
       Distracted        |       |       |       |       |     1 ||     1
  Eat: Chunk             |     2 |     8 |    27 |    41 |     2 ||    80
       Pizza             |       |       |       |     2 |     2 ||     4
       Beef jerky        |       |       |       |     2 |       ||     2
       Royal jelly       |       |       |       |     1 |       ||     1
Armor: Skin              |    56 |    68 |    76 |   177 |    42 ||   419
Dodge: Dodged            |    79 |   159 |   175 |   431 |    78 ||   922
